 Dungeon Crawl Stone Soup version 0.22.0-35-ge4bf2f5f59 (webtiles) character file.

2697 SaintSock the Cleaver (level 9, -4/81 HPs)
             Began as a Minotaur Berserker on Aug 23, 2018.
             Was an Elder of Trog.
             Slain by Harold
             ... wielding a +0 halberd
              (23 damage)
             ... on level 7 of the Dungeon.
             The game lasted 00:08:47 (5652 turns).

SaintSock the Cleaver (Minotaur Berserker)          Turns: 5652, Time: 00:08:48

Health: -4/81      AC:  6    Str: 24    XL:     9   Next: 38%
Magic:  8/8        EV: 14    Int:  4    God:    Trog [****..]
Gold:   260        SH:  4    Dex: 11    Spells: 8/8 levels left

rFire    . . .     SeeInvis .   p - +0 war axe
rCold    . . .     Gourm    .   i - +0 buckler
rNeg     . . .     Faith    .   q - +0 ring mail
rPois    .         Spirit   .   (helmet restricted)
rElec    .         Reflect  .   (no cloak)
rCorr    .         Harm     .   (no gloves)
MR       .....                  (no boots)
Stlth    +.........             (no amulet)
HPRegen  0.23/turn              (no ring)
MPRegen  0.11/turn              (no ring)

@: marked, berserk cooldown, slowed, very slow
A: retaliatory headbutt, horns 2
a: Berserk, Trog's Hand, Brothers in Arms, Renounce Religion


You were on level 7 of the Dungeon.
You worshipped Trog.
Trog was greatly pleased with you.
You were very hungry.

You visited 1 branch of the dungeon, and saw 7 of its levels.

You collected 260 gold pieces.

Inventory:

Hand Weapons
 a - a +0 hand axe
 p - a +0 war axe (weapon)
Armour
 b - a +0 animal skin
 i - a +0 buckler (worn)
 q - a +0 ring mail (worn)
Jewellery
 e - a +3 ring of intelligence {unknown}
 u - an uncursed amulet of the gourmand {unknown}
 y - a +2 ring of evasion {unknown}
Wands
 v - a wand of random effects (30)
Scrolls
 d - 4 scrolls of teleportation {unknown}
 f - 5 scrolls of identify {unknown}
 j - 2 scrolls of fear {unknown}
 k - 3 scrolls of fog {unknown}
 n - a scroll of blinking {unknown}
 r - 4 scrolls of remove curse {unknown}
 w - a scroll of holy word {unknown}
 x - a scroll of enchant weapon {unknown}
Potions
 g - a potion of mutation {unknown}
 h - a potion of might {unknown}
 l - 5 potions of curing {unknown}
 m - a potion of lignification {unknown}
 o - 2 potions of haste
 s - a potion of brilliance {unknown}
 t - a potion of flight {unknown}
 A - a potion of berserk rage {unknown}
Comestibles
 c - 5 rations


   Skills:
 + Level 8.0 Fighting
 * Level 9.2 Axes
 + Level 7.3 Armour
 + Level 6.7 Dodging
 - Level 4.0 Shields


You had 8 spell levels left.
You didn't know any spells.
Your spell library was empty.

Dungeon Overview and Level Annotations

Branches:
Dungeon (7/15)             Temple (0/1) D:4

Altars:
Nemelex Xobeh
Qazlal

Shops:
D:7 !

Annotations:
D:7 Harold


Innate Abilities, Weirdness & Mutations

You reflexively headbutt those who attack you in melee.
You have a pair of horns on your head.


Message History

Your Fighting skill increases to level 8!
Harold grumbles, "Just give up already, I want to go home!"
Harold gestures at you while chanting. The harpoon shot hits you!
You are yanked forward by the harpoon shot.
You closely miss Harold.
Harold is moderately wounded.
Harold completely misses you.
You slash Harold!
Harold is moderately wounded.
You slice Harold!! Your headbutt misses Harold.
Harold is severely wounded.
You are no longer berserk.
You are exhausted.
You feel yourself slow down. Harold hits you with a halberd!
* * * LOW HITPOINT WARNING * * *
You slash Harold!
Harold is severely wounded.
Harold hits you with a halberd!!
You die...

..#...#......##### ####
#######....#...#####....
........#..#.#.#.$......
...........#...#........
################........
...# #.......†..........
##.# #.#########.###.###
#.# #.# #.# .. #.# #.#
#@# . ##.# #.######...@#
##.###...........#
##.........##....'
##.........##....#
##.........##....#
...........##....#
...........##....#
.............


You could see Harold.

Vanquished Creatures
  A hippogriff (D:5)
  Eustachio (D:6)
  Edmund (D:5)
  A water moccasin (D:6)
  An orc warrior (D:7)
  3 ice beasts
  2 centaurs (D:5)
  2 bullfrogs
  A scorpion (D:7)
  11 killer bees (D:7)
  3 howler monkeys (D:7)
  3 crimson imps
  2 jellies
  3 orc priests
  2 bullfrog skeletons
  2 hounds (D:4)
  A centaur zombie (D:3)
  Jessica (D:3)
  An iguana (D:7)
  4 orc wizards
  2 worker ants (D:7)
  A worker ant zombie (D:5)
  A gnoll (D:1)
  9 adders
  2 worms
  A dart slug (D:1)
  8 leopard geckos
  22 orcs
  3 ball pythons
  10 giant cockroaches
  6 goblins
  6 hobgoblins
  9 jackals
  A quokka (D:7)
  6 bats
  4 frilled lizards
  7 kobolds
  8 rats
152 creatures vanquished.

Notes
Turn   | Place    | Note
-------+----------+-------------------------------------------
     0 | D:1      | SaintSock the Minotaur Berserker began the quest for the Orb.
     0 | D:1      | Reached XP level 1. HP: 19/19 MP: 0/0
   238 | D:1      | Reached XP level 2. HP: 24/27 MP: 1/1
   454 | D:1      | Reached skill level 4 in Axes
   454 | D:1      | Reached skill level 1 in Shields
   454 | D:1      | Reached XP level 3. HP: 15/33 MP: 2/2
  1048 | D:2      | Reached ** piety under Trog
  1048 | D:2      | Reached XP level 4. HP: 31/40 MP: 3/3
  1883 | D:3      | Reached XP level 5. HP: 36/47 MP: 4/4
  1888 | D:3      | Found a sparkling altar of Nemelex Xobeh.
  1950 | D:3      | Found a stormy altar of Qazlal.
  1967 | D:3      | Noticed Jessica
  1972 | D:3      | Killed Jessica
  2802 | D:4      | Reached XP level 6. HP: 53/55 MP: 5/5
  2851 | D:4      | Found a staircase to the Ecumenical Temple.
  3193 | D:5      | Entered Level 5 of the Dungeon
  3203 | D:5      | Reached skill level 5 in Fighting
  3222 | D:5      | Reached skill level 5 in Axes
  3427 | D:5      | Noticed an ice beast
  3442 | D:5      | Killed an ice beast
  3442 | D:5      | Reached XP level 7. HP: 42/61 MP: 6/6
  3509 | D:5      | Reached *** piety under Trog
  4252 | D:5      | Noticed Edmund
  4252 | D:5      | Noticed a hippogriff
  4260 | D:5      | Killed Edmund
  4260 | D:5      | Reached skill level 5 in Armour
  4265 | D:5      | Killed a hippogriff
  4265 | D:5      | Reached skill level 6 in Axes
  4265 | D:5      | Reached skill level 5 in Dodging
  4265 | D:5      | Reached XP level 8. HP: 71/71 MP: 7/7
  4563 | D:6      | Reached skill level 7 in Axes
  4814 | D:6      | Noticed Eustachio
  4827 | D:6      | Killed Eustachio
  4975 | D:7      | Reached skill level 8 in Axes
  4983 | D:7      | Reached **** piety under Trog
  4988 | D:7      | Found Givvuyss's Distillery.
  5077 | D:7      | Reached XP level 9. HP: 17/79 MP: 8/8
  5091 | D:6      | HP: 3/79 [poisoned by a killer bee]
  5096 | D:6      | HP: 3/79 [poisoned by a killer bee]
  5101 | D:6      | HP: 2/79 [poisoned by a killer bee]
  5560 | D:7      | Received a gift from Trog
  5600 | D:7      | Reached skill level 9 in Axes
  5637 | D:7      | Noticed Harold
  5652 | D:7      | Slain by Harold

Skill      XL: |  1  2  3  4  5  6  7  8  9 |
---------------+----------------------------+-----
Fighting       | 4 5 6 7 8 |  8.0
Axes           | 4 5 6 8 9 |  9.2
Shields        | 1 2 3 4 |  4.0
Armour         | 3 4 5 6 7 |  7.3
Dodging        | 3 4 5 6 |  6.7

Action                   |  1- 3 |  4- 6 |  7- 9 || total
-------------------------+-------+-------+-------++-------
Melee: Hand axe          |    64 |   124 |    43 ||   231
       Headbutt          |    12 |    31 |    42 ||    85
       War axe           |       |       |   191 ||   191
Invok: Berserk           |     1 |     1 |     4 ||     6
 Stab: Sleeping          |     1 |       |       ||     1
  Eat: Chunk             |     2 |     4 |     4 ||    10
       Ration            |       |     1 |     2 ||     3
Armor: Animal skin       |     9 |     9 |       ||    18
       Ring mail         |       |    12 |    64 ||    76
Dodge: Dodged            |    36 |    69 |   143 ||   248
Block: Buckler           |     5 |    20 |    43 ||    68
